 Dungeon Crawl Stone Soup version 0.20.0-15-g7f486f2 (webtiles) character file.

52 winterking the Sneak (level 3, 0/16 HPs)
             Began as a Felid Transmuter on June 28, 2017.
             Succumbed to an adder's poison
             ... on level 2 of the Dungeon.
             The game lasted 00:05:36 (1917 turns).

winterking the Sneak (Felid Transmuter)             Turns: 1917, Time: 00:05:36

Health: 0/16       AC:  1    Str:  5 (6)  XL:     3   Next: 60%
Magic:  7/7        EV: 18    Int: 13 (14) God:
Gold:   45         SH:  0    Dex: 14 (17) Spells: 3/6 levels left
                                        Lives:  0   Deaths: 0

rFire    . . .     SeeInvis +     - Unarmed
rCold    . . .     Gourm    .   (shield unavailable)
rNeg     . . .     Faith    .   (armour unavailable)
rPois    .         Spirit   .   (helmet unavailable)
rElec    .         Reflect  .   (cloak unavailable)
rCorr    .         Harm     .   (gloves unavailable)
MR       .....                  (boots unavailable)
Stlth    +++.......             (no amulet)
Regen    0.1/turn               (no ring)
MPRegen  0.1/turn               (no ring)

@: lethally poisoned (0 -> -7), quick
A: no armour, no weapons or thrown items, stealth, claws 1, fangs 3, see
invisible, carnivore 3, speed 1, shaggy fur 1, slow metabolism 1, sharp paws
a: no special abilities


You were on level 2 of the Dungeon.
You were completely stuffed.

You visited 1 branch of the dungeon, and saw 2 of its levels.

You collected 45 gold pieces.

Inventory:

Missiles
 a - 12 arrows
Scrolls
 g - a scroll of amnesia
 j - a scroll of identify {unknown}
Potions
 h - a potion of curing {unknown}
 i - a potion of cancellation {unknown}
Books
 b - a book of Changes

   Spells                             Type                      Level
   a - Beastly Appendage              Transmutation                1
   b - Sticks to Snakes               Transmutation                2
   c - Spider Form                    Transmutation/Poison         3
   d - Ice Form                       Ice/Transmutation            4
   e - Blade Hands                    Transmutation                5
Comestibles
 c - 2 meat rations
 d - a royal jelly
 f - 3 chunks of flesh


   Skills:
 - Level 2.0 Fighting
 + Level 3.1 Dodging
 + Level 3.6 Stealth
 - Level 3.0 Unarmed Combat
 - Level 2.0 Spellcasting
 - Level 2.1 Transmutations


You had 3 spell levels left.
You knew the following spells:

 Your Spells              Type           Power        Failure   Level  Hunger
a - Beastly Appendage     Tmut           #.....       11%         1    ##.....
b - Sticks to Snakes      Tmut           #.......     16%         2    ###....


Dungeon Overview and Level Annotations

Branches:
Dungeon (2/15)

Altars:

Annotations:
D:2 Robin


Innate Abilities, Weirdness & Mutations

You cannot wear armour.
You are incapable of wielding weapons or throwing items.
Your paws allow you to move quietly. (Stealth)
You have sharp claws.
You have razor-sharp teeth.
You have supernaturally acute eyesight. (SInv)
You are carnivorous and can eat meat at any time.
You cover ground quickly.
You are covered in fur. (AC +1)
You have a slow metabolism.
Your sharp claws are effective at attacking unaware monsters.


Message History

You closely miss the adder. Your headbutt misses the adder.
Your bite misses the adder.
The hobgoblin no longer looks unusually strong.
The adder barely misses you. The adder completely misses you.
You scratch the adder.
The adder is lightly wounded.
The adder closely misses you.
You scratch the adder. Your headbutt misses the adder.
The adder is heavily wounded.
Robin roars a battlecry!
The hobgoblins go into a battle-frenzy!
The adder bites you.
* * * LOW HITPOINT WARNING * * *
You are lethally poisoned!
The adder poisons you!
It was a potion of degeneration.
There was something very wrong with that liquid.
You feel weakened.
You feel dopey.
You feel clumsy.
Your horns disappear.
You die...

......##.# #
#.#.#.##.#.)....#
####..##.#
.##.#.#.###.##....# #
#..##.#
................#.# #
##.....#
##.###.######..#.# #
#.....## #.###.# ##.#.#
# #.....# #.##..##.#
#.#.#. #.....#
#........# #.#.#.#
#.....# #####)####
#+#.#.# #.....# #@#
#.#.# ###.### #S# ..# #
##.#.# #ggg.# ##....###
..Sg....#
..>..........#.#.#?#..#
##....#####.............
##.#># #..#.#.#.#.###
###.# #..........# #.#
#..#.#.#.#.#


You could see Robin, 2 adders and 3 hobgoblins.

Vanquished Creatures
  2 dart slugs
  A leopard gecko (D:1)
  6 bats
  A giant cockroach (D:1)
  6 hobgoblins
  6 jackals
  3 kobolds
  12 goblins
  4 rats
41 creatures vanquished.

Notes
Turn   | Place    | Note
-------+----------+-------------------------------------------
     0 | D:1      | winterking the Felid Transmuter began the quest for the Orb.
     0 | D:1      | Reached XP level 1. HP: 9/9 MP: 4/4
    10 | D:1      | Reached skill level 1 in Stealth
   262 | D:1      | Reached XP level 2. HP: 12/12 MP: 6/6
  1032 | D:1      | Reached XP level 3. HP: 11/16 MP: 5/7
  1140 | D:1      | Learned a level 2 spell: Sticks to Snakes
  1891 | D:2      | Noticed Robin
  1917 | D:2      | Succumbed to an adder's poison

Skill      XL: |  1  2  3 |
---------------+----------+-----
Dodging        | 3 |  3.1
Stealth        | 1 3 |  3.6
Fighting       | 2 |  2.0
Unarmed Combat | |  3.0
Spellcasting   | |  2.0
Transmutations | |  2.1

Action                   || total
-------------------------++-------
Melee: Unarmed           ||   112
       Bite              ||    12
       Headbutt          ||     5
       Punch             ||     3
 Cast: Beastly Appendage ||     2
  Use: Scroll            ||     2
       Potion            ||     1
 Stab: Sleeping          ||    11
  Eat: Chunk             ||     9
Armor: Skin              ||     5
Dodge: Dodged            ||    81
